 Dungeon Crawl Stone Soup version 0.29.1-12-g30fa7ad0bf (webtiles) character file.

Game seed: 4755664463174357301

853 ChadusMaximus the Shield-Bearer (level 7, -1/64 HPs)
             Began as a Minotaur Fighter on Dec 12, 2022.
             Was an Initiate of Okawaru.
             Slain by Robin
             ... wielding a +0 trident
              (2 damage)
             ... on level 4 of the Dungeon.
             The game lasted 00:04:38 (4250 turns).

ChadusMaximus the Shield-Bearer (Minotaur Fighter)  Turns: 4250, Time: 00:04:38

Health: -1/64      AC:  9    Str: 22    XL:     7   Next: 70%
Magic:  6/6        EV:  9    Int:  5    God:    Okawaru [......]
Gold:   98         SH:  0    Dex: 10    Spells: 6/6 levels left

rFire   . . .      SeeInvis .   a - +0 war axe
rCold   . . .      Faith    .   c - +0 buckler
rNeg    . . .      Spirit   .   b - +0 scale mail
rPois   .          Reflect  .   (helmet restricted)
rElec   .          Harm     .   r - +0 cloak
rCorr   .          Rampage  .   (no gloves)
Will    .....                   (no boots)
Stlth   ..........              (no amulet)
HPRegen 0.20/turn               (no ring)
MPRegen 0.10/turn               (no ring)

@: confused
A: horns 2, retaliatory headbutt
a: Renounce Religion


You were on level 4 of the Dungeon.
You worshipped Okawaru.
Okawaru was noncommittal.
You visited 2 branches of the dungeon, and saw 6 of its levels.
You also visited: Sewer.

You collected 98 gold pieces.

Inventory:

Hand Weapons
 a - a +0 war axe (weapon)
 t - a +0 flail
Missiles
 n - 3 javelins (quivered)
Armour
 b - a +0 scale mail (worn)
 c - a +0 buckler (worn)
 r - a +0 cloak (worn)
Jewellery
 z - a ring of magical power
Wands
 y - a wand of flame (11)
Scrolls
 f - 2 scrolls of vulnerability {unknown}
 g - a scroll of brand weapon {unknown}
 l - 4 scrolls of identify {unknown}
 o - a scroll of teleportation {unknown}
 p - a scroll of torment {unknown}
 s - a scroll of poison {unknown}
 w - a scroll of blinking {unknown}
 x - a scroll of amnesia {unknown}
Potions
 d - 2 potions of might
 e - a potion of lignification {unknown}
 h - 2 potions of curing
 i - 2 potions of flight
 j - a potion of cancellation {unknown}
 k - 2 potions of ambrosia
 m - 4 potions of heal wounds {unknown}
 q - a potion of attraction {unknown}
 u - a potion of mutation {unknown}
 v - a potion of degeneration {unknown}


   Skills:
 + Level 6.3 Fighting
 + Level 5.6 Axes
 + Level 6.3 Armour
 + Level 6.4 Shields


You had 6 spell levels left.
You didn't know any spells.
Your spell library contained the following spells:

 Spells                   Type           Power      Damage    Failure   Level
 Apportation              Tloc           0%         N/A       86%         1
 Necrotise                Necr           0%         1d4       86%         1
 Sandblast                Erth           0%         2d4       86%         1
 Ensorcelled Hibernation  Hex/Ice        0%         N/A       94%         2
 Passwall                 Tmut/Erth      0%         N/A       94%         2
 Spider Form              Tmut/Pois      0%         N/A       99%         3
 Stone Arrow              Conj/Erth      0%         3d7       99%         3
 Anguish                  Hex/Necr       0%         N/A       100%        4
 Summon Small Mammal      Summ           Unusable   N/A       N/A         1

Dungeon Overview and Level Annotations

Branches:
Dungeon (5/15)             Temple (1/1) D:4           Sewer (visited)

Altars:
Cheibriados
Gozag
Hepliaklqana
Nemelex Xobeh
Okawaru
Qazlal
Trog
Wu Jian

Shops:
D:1 *   D:5 *

Annotations:
D:4 Robin


Innate Abilities, Weirdness & Mutations

You have a pair of horns on your head.
You reflexively headbutt those who attack you in melee.


Message History

The goblin barely misses you. You furiously retaliate!
You headbutt the goblin!
You kill the goblin!
Okawaru accepts your kill. Robin hits you but does no damage.
You block the orc's attack. Something hits you but does no damage.
You barely miss the orc. You headbutt the orc.
You kill the orc!
Okawaru accepts your kill.
You miss something. Robin barely misses you. Something hits you.
Robin hits you with a +0 trident. Something hits you but does no damage.
Items here: (( )))))) ††††††.
Unknown command.
You closely miss Robin. You headbutt Robin!
Robin is severely wounded.
You closely miss something. Robin hits you but does no damage.
You hear some strange, mumbled words.
You are confused.
You miss Robin.
Robin is severely wounded.
You barely miss something. Robin barely misses you. Something hits you.
Robin hits you with a +0 trident. Something hits you but does no damage.
You barely miss Robin.
Robin is severely wounded.
You closely miss something.
An orc wizard appears from thin air!
Reactivating autopickup.
Robin hits you with a +0 trident.
The orc wizard hits you with a +2 dagger of electrocution.
You are electrocuted!!
* * * LOW HITPOINT WARNING * * *
Robin hits you with a +0 trident.
* * * LOW HITPOINT WARNING * * *
Robin attacks as you move away! Robin hits you but does no damage.
Robin hits you from afar with a +0 trident.
* * * LOW HITPOINT WARNING * * *
The orc wizard gestures at you while chanting.
The magic dart hits you.
* * * LOW HITPOINT WARNING * * *
You're too confused to move!
Robin hits you from afar with a +0 trident.
You die...

##...###...#### #.# ..g.
#....###..## #.# #..g.
#....##...# #####.##.....
.....#..#.# #............
........#.# #............
........#.## #............
......#....###...........<
......###....#g..)........
......#......#)o@.....#...
#######.<...).)######## ..
#######.....##)....... #
......#)....#########.
............#
............#
......####### ......#
......#


You could see Robin and an orc wizard.

Vanquished Creatures
  Sigmund (D:4)
  Menkaure (D:4)
  A water moccasin (D:4)
  2 kobold brigands (Sewer)
  2 hounds (D:4)
  Crazy Yiuf (D:2)
  An iguana (D:4)
  4 gnolls (D:2)
  2 adders
  2 river rats (Sewer)
  4 worms
  4 dart slugs
  4 orcs (D:4)
  3 endoplasms
  3 giant cockroaches
  15 goblins
  10 hobgoblins
  8 jackals
  11 kobolds
  8 quokkas
  6 ball pythons
  5 bats
  5 frilled lizards
  10 rats
113 creatures vanquished.

Notes
Turn   | Place    | Note
-------+----------+-------------------------------------------
     0 | D:1      | ChadusMaximus the Minotaur Fighter began the quest for the
                  | Orb.
     0 | D:1      | Reached XP level 1. HP: 19/19 MP: 0/0
   125 | D:1      | Found Jyzxucw's General Store.
   133 | D:1      | Reached XP level 2. HP: 27/27 MP: 1/1
   400 | D:1      | Reached XP level 3. HP: 31/33 MP: 2/2
   899 | D:2      | Found a bloodstained altar of Trog.
  1021 | D:3      | Found a glowing drain.
  1034 | Sewer    | Entered a sewer
  1040 | Sewer    | Reached XP level 4. HP: 21/40 MP: 3/3
  1218 | Sewer    | Noticed a kobold brigand
  1229 | Sewer    | Noticed a kobold brigand
  1230 | Sewer    | Killed a kobold brigand
  1231 | Sewer    | Reached XP level 5. HP: 47/47 MP: 4/4
  1495 | Sewer    | Reached skill level 5 in Armour
  1495 | Sewer    | Reached skill level 5 in Shields
  1632 | Sewer    | Found a white marble altar of Elyvilon.
  1865 | D:3      | Reached skill level 5 in Fighting
  2268 | D:2      | Found a runed translucent door.
  2269 | D:2      | Noticed Crazy Yiuf
  2276 | D:2      | Killed Crazy Yiuf
  2496 | D:2      | Reached XP level 6. HP: 55/56 MP: 5/5
  3289 | D:4      | Noticed Sigmund
  3296 | D:4      | Killed Sigmund
  3351 | D:4      | Noticed a water moccasin
  3357 | D:4      | Killed a water moccasin
  3358 | D:4      | Reached skill level 5 in Axes
  3358 | D:4      | Reached XP level 7. HP: 46/62 MP: 6/6
  3508 | D:4      | Noticed Menkaure
  3520 | D:5      | Entered Level 5 of the Dungeon
  3520 | D:5      | Found Biujyin's Assorted Antiques.
  3770 | D:4      | Found a staircase to the Ecumenical Temple.
  3779 | Temple   | Entered the Ecumenical Temple
  3785 | Temple   | Became a worshipper of Warmaster Okawaru
  3935 | D:4      | Killed Menkaure
  4220 | D:4      | Noticed Robin
  4249 | D:4      | HP: 1/64 [orc wizard/magic dart (3)]
  4250 | D:4      | Slain by Robin

Illustrated notes

Levels and vault maps discovered:
D:1:      elethiomel_arrival_quiet, layout_basic, serial_curves, eino_curves_04,
          eino_curves_04, serial_shops, shop, amcnicky_mini_corridor_feature,
          nicolae_kite_square_tiling_tiny, kennysheep_flooded_box
D:2:      layout_basic, basic_altar, uniq_crazy_yiuf_cottage
D:3:      layout_basic, gup_sewer_entry_bubbles, minmay_tree_intersection,
          kennysheep_generic_room_10
D:4:      layout_rooms, minmay_temple_entry_slanted, uniq_robin, uniq_sigmund,
          uniq_menkaure
D:5:      minmay_general_purpose_star, layout_cave_pods, led_sif_pool,
          mainiacjoe_overflow_paths, serial_shops, nicolae_shop_window_shopping
Temple:   eino_temple_rhombus

Skill      XL: |  1  2  3  4  5  6  7 |
---------------+----------------------+-----
Fighting       | 4 5 6 |  6.3
Shields        | 4 5 6 |  6.4
Armour         | 4 5 6 |  6.3
Axes           | 3 4 5 |  5.6

Action                   |  1- 3 |  4- 6 |  7- 9 || total
-------------------------+-------+-------+-------++-------
Melee: War axe           |    97 |   125 |    45 ||   267
       Headbutt          |     9 |    13 |     8 ||    30
  Use: Potion            |     1 |       |       ||     1
Armor: Scale mail        |    50 |    47 |    39 ||   136
Dodge: Dodged            |    61 |    54 |    26 ||   141
Block: Buckler           |    25 |    30 |    19 ||    74
